 Dungeon Crawl Stone Soup version 0.30-a0-715-gdb4ae3ece1 (webtiles) character file.

Game seed: 3359519507956027811

1289 wormed the Sneak (level 8, -1/54 HPs)
             Began as an Octopode Air Elementalist on Jan 23, 2023.
             Was an Initiate of Gozag.
             Slain by an ogre
             ... wielding a +0 giant spiked club
              (17 damage)
             ... on level 5 of the Dungeon.
             The game lasted 00:11:53 (6814 turns).

wormed the Sneak (Octopode Air Elementalist)        Turns: 6814, Time: 00:11:53

Health: -1/54      AC:  1    Str:  8    XL:     8   Next: 55%
Magic:  9/14       EV: 14    Int: 19    God:    Gozag
Gold:   286        SH:  0    Dex: 12    Spells: 5/15 levels left

rFire   . . .      SeeInvis +      - Unarmed
rCold   . . .      Faith    .    (no shield)
rNeg    . . .      Spirit   .    (helmet restricted)
rPois   .          Reflect  .    (no amulet)
rElec   .          Harm     .    l - ring of see invisible
rCorr   .          Rampage  .    (no ring)
Will    .....                    (no ring)
Stlth   ++++                     (no ring)
HPRegen 0.29/turn                (no ring)
MPRegen 0.14/turn                (no ring)
                                 (no ring)
                                 (no ring)

@: swift, very quick
A: almost no armour, amphibious, 8 rings, camouflage 1, gelatinous body 1,
(nimble swimmer 1), tentacles
a: Renounce Religion, Potion Petition, Call Merchant, Bribe Branch


You were on level 5 of the Dungeon.
You worshipped Gozag.
Gozag was aware of your devotion.
You visited 2 branches of the dungeon, and saw 6 of its levels.

You collected 344 gold pieces.
You paid 58 gold pieces to Gozag.

Inventory:

Jewellery
 l - a ring of see invisible (left tentacle)
Scrolls
 b - a scroll of enchant weapon
 c - 4 scrolls of teleportation
 d - 3 scrolls of identify
 e - a scroll of fear {unknown}
 i - a scroll of vulnerability
 j - a scroll of brand weapon
Potions
 f - a potion of resistance
 k - 5 potions of brilliance


   Skills:
 + Level 3.9 Fighting
 + Level 4.5 Dodging
 + Level 6.2 Stealth
 + Level 3.8 Unarmed Combat
 + Level 4.1 Spellcasting
 - Level 1.0 Conjurations
 + Level 5.0 Air Magic


You had 5 spell levels left.
You knew the following spells:

 Your Spells              Type           Power      Damage    Failure   Level
a - Shock                 Conj/Air       60%        1d6       4%          1
b - Static Discharge      Conj/Air       30%        2-4/arc   6%          2
c - Swiftness             Air            23%        N/A       4%          3
d - Airstrike             Air            11%        2d(2-18)  17%         4

Your spell library contained the following spells:

 Spells                   Type           Power      Damage    Failure   Level
 Vhi's Electric Charge    Tloc/Air       26%        N/A       14%         3
 Sublimation of Blood     Necr           3%         N/A       21%         2
 Arcjolt                  Conj/Air       7%         1d17      73%         5
 Petrify                  Tmut/Erth      3%         N/A       80%         4
 Irradiate                Conj/Tmut      2%         3d12      97%         5
 Maxwell's Capacitive Co  Air            11%        ∞         100%        8


Dungeon Overview and Level Annotations

Branches:
Dungeon (5/15)             Temple (1/1) D:4

Altars:
Ashenzari
Cheibriados
Dithmenos
Elyvilon
Fedhas
Gozag
Hepliaklqana
Kikubaaqudgha
Makhleb
Nemelex Xobeh
Okawaru
Qazlal
Ru
Sif Muna
Uskayaw
Vehumet
Wu Jian
Xom
Yredelemnul
The Shining One

Shops:
D:3 (

Annotations:
D:3 2 transporters, flotson's ghost, amateur DsDe
Temple 2 transporters


Innate Abilities, Weirdness & Mutations

You cannot wear most types of armour.
You are amphibious.
You can wear up to eight rings at the same time.
Your skin changes colour to match your surroundings (Stealth+).
Your rubbery body absorbs attacks. (AC +1, EV +1)
((You are camouflaged when in or above water. (Stealth+)))
You have tentacles for arms and can constrict up to eight enemies at once.


Message History

The water moccasin is struck by an arc of lightning.
The water moccasin is severely wounded.
You are struck by an arc of lightning.
* * * LOW HITPOINT WARNING * * *
The lightning grounds out.
You constrict the water moccasin, but do no damage.
The water moccasin completely misses you.
Casting: Static Discharge (safe; 6% risk of failure)
Confirm with . or Enter, or press ? or * to list all spells.
The water moccasin is struck by an arc of lightning.
The water moccasin is severely wounded.
You are struck by an arc of lightning.
* * * LOW HITPOINT WARNING * * *
The water moccasin is struck by an arc of lightning.
The water moccasin is almost dead.
The lightning grounds out.
You constrict the water moccasin.
You kill the water moccasin!
Your Air Magic skill increases to level 5!
Your surroundings suddenly seem different.
You start to feel a little faster.
You no longer feel sluggish.
A gnoll is nearby!
A gnoll is nearby!
The ogre shouts!
You see here 6 gold pieces.
An ogre is nearby!
You see here 6 gold pieces.
Casting: Static Discharge (safe; 6% risk of failure)
Confirm with . or Enter, or press ? or * to list all spells.
The ogre is struck by an arc of lightning.
The ogre is lightly wounded.
You are struck by an arc of lightning.
The lightning grounds out.
The ogre hits you with a +0 giant spiked club!!
* * * LOW HITPOINT WARNING * * *
Casting: Static Discharge (safe; 6% risk of failure)
Confirm with . or Enter, or press ? or * to list all spells.
You feel quick.
The ogre hits you with a +0 giant spiked club!
You die...
Your body crumbles into a pile of gold.

###########....
#..!...<....g....
#############.#####.....O....
#..........##.# #O####.... .
#.########.##.# #.# ...# #.#
###.##.# #.# .#.#
#.######.....<# #.# ..#
#.....).....#######.# ##.#
########....$@O.....# #)##
##.#.#######.######.### #.#.#
#.##......#. #.#.#
#.##.####... #.#.##### #)##.#
##.# #.#.#...###>##.# #[#
#.#.#.#........# #..
#.#...#...#.#..# #.#
#.#.#####......#####.#


You could see an ogre.

Vanquished Creatures
  A water moccasin (D:5)
  A black bear (D:4)
  A phantom (D:5)
  2 necrophages (D:4)
  4 scorpions (D:5)
  4 crimson imps (D:3)
  A jelly (D:5)
  A hound (D:5)
  2 orc priests (D:5)
  4 iguanas
  2 orc wizards
  Robin (D:2)
  6 gnolls
  8 adders
  A shadow imp (D:5)
  An ufetubus (D:4)
  3 worms
  2 dart slugs
  6 orcs
  5 bats
  3 giant cockroaches
  13 goblins
  11 hobgoblins
  6 kobolds
  4 quokkas
  11 ball pythons
  6 frilled lizards
  9 rats
119 creatures vanquished.

Notes
Turn   | Place    | Note
-------+----------+-------------------------------------------
     0 | D:1      | wormed the Octopode Air Elementalist began the quest for
                  | the Orb.
     0 | D:1      | Reached XP level 1. HP: 11/11 MP: 3/3
   227 | D:1      | Reached XP level 2. HP: 15/18 MP: 1/5
   323 | D:1      | Learned a level 2 spell: Static Discharge
   380 | D:1      | Reached skill level 3 in Stealth
   838 | D:2      | Reached XP level 3. HP: 22/22 MP: 0/6
  1011 | D:2      | Reached skill level 1 in Fighting
  1011 | D:2      | Reached skill level 1 in Unarmed Combat
  1460 | D:2      | Reached XP level 4. HP: 23/28 MP: 1/7
  1696 | D:2      | Noticed Robin
  1809 | D:2      | Killed Robin
  2251 | D:3      | Found a transporter.
  2265 | D:3      | Found a burning altar of Makhleb.
  2500 | D:3      | Found Puemupt's Weapon Boutique.
  2504 | D:3      | Found a transporter.
  2504 | D:3      | Noticed flotson's ghost (amateur DsDe)
  2728 | D:3      | Learned a level 3 spell: Swiftness
  2800 | D:3      | Found a shimmering altar of Xom.
  2900 | D:3      | Reached XP level 5. HP: 32/34 MP: 4/8
  2905 | D:3      | Reached skill level 4 in Stealth
  3376 | D:3      | Reached XP level 6. HP: 23/39 MP: 0/10
  3610 | D:3      | Found an ornate altar of the Wu Jian Council.
  3773 | D:3      | Learned a level 4 spell: Airstrike
  3990 | D:4      | Found a sacrificial altar of Ru.
  4667 | D:4      | Reached XP level 7. HP: 40/45 MP: 6/11
  4841 | D:4      | Found a staircase to the Ecumenical Temple.
  4851 | D:4      | Reached skill level 5 in Stealth
  4855 | Temple   | Entered the Ecumenical Temple
  4855 | Temple   | Found a transporter.
  4855 | Temple   | Found a transporter.
  4897 | Temple   | Found a transporter.
  4897 | Temple   | Found a transporter.
  4914 | Temple   | Became a worshipper of Gozag Ym Sagoz the Greedy
  5552 | D:5      | Entered Level 5 of the Dungeon
  5880 | D:5      | Reached XP level 8. HP: 33/52 MP: 9/13
  6294 | D:5      | Reached skill level 6 in Stealth
  6456 | D:5      | Identified the +1 scale mail "Diasaa" {rCorr}
  6710 | D:5      | Reached skill level 5 in Air Magic
  6814 | D:5      | Slain by an ogre

Illustrated notes

Levels and vault maps discovered:
D:1:      lightli_arrival_noodles, layout_rooms, minmay_misc_feat_doors
D:2:      minmay_general_purpose_star, layout_basic, bh_walls_and_bars,
          uniq_robin
D:3:      cheibrodos_helix_gallery, layout_basic, bloody_makhleb,
          nzn_wu_jian_contemplation, led_xom_imps, serial_shops, shop,
          gammafunk_ghost_mausoleum, serial_park_tiny_pond, dk_noncrumbling_4,
          hangedman_abyss_or_decor_lesser_grid
D:4:      layout_cave_pools, hangedman_ru_absence, minmay_temple_entry_poolview,
          hangedman_abyss_or_decor_stabs
D:5:      minmay_skewed_foursquare, layout_loops_ring, gammafunk_ghost_arena
Temple:   hellmonk_temple_divided_pantheon

Skill      XL: |  1  2  3  4  5  6  7  8 |
---------------+-------------------------+-----
Stealth        | 3 4 5 6 |  6.2
Fighting       | 1 2 3 |  3.9
Unarmed Combat | 1 2 3 |  3.8
Dodging        | 3 4 |  4.5
Spellcasting   | 3 4 |  4.1
Air Magic      | 4 5 |  5.0
Conjurations   | |  1.0

Action                     |  1- 3 |  4- 6 |  7- 9 || total
---------------------------+-------+-------+-------++-------
  Melee: Unarmed           |    25 |    61 |    27 ||   113
         Tentacles         |     8 |    12 |     6 ||    26
         Constrict         |     6 |    21 |     6 ||    33
         Punch             |       |     1 |     2 ||     3
   Cast: Shock             |    71 |    54 |       ||   125
         Static Discharge  |       |    60 |    70 ||   130
         Swiftness         |       |       |     3 ||     3
    Use: Potion            |       |     2 |     4 ||     6
         Scroll            |       |    10 |     1 ||    11
 Armour: Skin              |     3 |    10 |     4 ||    17
  Dodge: Dodged            |    21 |    66 |    67 ||   154

Table legend: (Time is in decaauts)
 A = Elapsed time spent in this place.
 B = Non-inter-level travel time spent in this place.
 C = Inter-level travel time spent in this place.
 D = Time resting spent in this place.
 E = Time spent auto-exploring this place.
 F = Levels seen in this place.
 G = Mean time per level.
                   A        B        C        D        E       F      G
               +--------+--------+--------+--------+--------+-----+--------+
         Total |   6808 |   6652 |    156 |      6 |   5337 |   6 | 1134.7 |
       Dungeon |   6733 |   6577 |    156 |      6 |   5292 |   5 | 1346.6 |
        Temple |     74 |     74 |      0 |      0 |     45 |   1 |   74.0 |
               +--------+--------+--------+--------+--------+-----+--------+

Top non-repeatable levels by time:
     D:4: 1673 daAuts
     D:3: 1663 daAuts
     D:2: 1377 daAuts
     D:5: 1145 daAuts
     D:1: 874 daAuts
  Temple: 74 daAuts
